 Dungeon Crawl Stone Soup version 0.28-a0-1182-g381e24db82 (webtiles) character file.

Game seed: 17754825953144686710

81 jtrev the Cudgeller (level 4, 0/28 HPs)
             Began as a Gargoyle Berserker on Dec 17, 2021.
             Was a Believer of Trog.
             Slain by a centaur (4 damage)
             ... on level 3 of the Dungeon.
             The game lasted 00:03:23 (3071 turns).

jtrev the Cudgeller (Gargoyle Berserker)            Turns: 3071, Time: 00:03:24

Health: 0/28       AC: 12    Str: 23    XL:     4   Next: 42%
Magic:  4/4        EV:  8    Int:  7    God:    Trog [**....]
Gold:   105        SH:  0    Dex:  9    Spells: 3/3 levels left

rFire   . . .      SeeInvis .   a - +0 mace
rCold   . . .      Faith    .   (no shield)
rNeg    + . .      Spirit   .   h - +0 chain mail
rPois   ∞          Reflect  .   (no helmet)
rElec   +          Harm     .   (no cloak)
rCorr   .          Rampage  .   (no gloves)
Will    .....                   (no boots)
Stlth   ..........              (no amulet)
HPRegen 0.09/turn               (no ring)
MPRegen 0.09/turn               (no ring)

@: no status effects
A: sickness immunity, AC +3, negative energy resistance 1, electricity
resistance, torment resistance 1, petrification resistance
a: Renounce Religion, Berserk, Trog's Hand


You were on level 3 of the Dungeon.
You worshipped Trog.
Trog was pleased with you.
You visited 1 branch of the dungeon, and saw 3 of its levels.

You collected 105 gold pieces.

Inventory:

Hand Weapons
 a - a +0 mace (weapon)
Armour
 h - a +0 chain mail (worn)
   (You found it on level 2 of the Dungeon)
Scrolls
 c - 2 scrolls of vulnerability {unknown}
 d - a scroll of identify {unknown}
 f - a scroll of amnesia {unknown}
 g - a scroll of magic mapping {unknown}
Potions
 b - a potion of mutation {unknown}
 e - a potion of heal wounds {unknown}


   Skills:
 - Level 3.2 Fighting
 + Level 5.1 Maces & Flails
 - Level 2.1 Armour
 - Level 1.5 Dodging


You had 3 spell levels left.
You didn't know any spells.
Your spell library was empty.

Dungeon Overview and Level Annotations

Branches:
Dungeon (3/15)

Altars:


Innate Abilities, Weirdness & Mutations

You are immune to sickness and miasma.
Your stone body is resilient. (AC +3)
You are immune to poison.
You resist negative energy. (rN+)
You are resistant to electric shocks. (rElec)
You are resistant to unholy torment.
You are immune to petrification.


Message History

The ball python grabs you. The ball python constricts you.
The ball python completely misses you. The ball python constricts you.
You barely miss the ball python. The ball python barely misses you.
The ball python constricts you.
You hit the ball python.
You kill the ball python!
Trog accepts your kill.
No target in view!
No target in view!
Found a bubbling green potion.
You now have 105 gold pieces (gained 13).
e - a bubbling green potion A centaur comes into view.
The centaur shouts!
The centaur wields a +0 shortbow.
The centaur shoots an arrow.
The arrow hits you.
The centaur shoots an arrow.
The arrow hits you!
A centaur is nearby!
A centaur is nearby!
A centaur is nearby!
The centaur shoots an arrow.
The arrow completely misses you.
The centaur shoots an arrow.
The arrow hits you!
* * * LOW HITPOINT WARNING * * *
The centaur shoots an arrow.
The arrow hits you but does no damage.
The centaur shoots an arrow.
The arrow hits you but does no damage.
The centaur shoots an arrow.
The arrow hits you.
* * * LOW HITPOINT WARNING * * *
The centaur unwields a +0 shortbow.
The centaur hits you but does no damage.
The centaur kicks you but does no damage.
The centaur hits you but does no damage.
The centaur misses you.
Unknown command.
You sock the centaur!
The centaur hits you but does no damage.
The centaur barely misses you.
Unknown command.
You hit the centaur but do no damage. The centaur hits you.
* * * LOW HITPOINT WARNING * * *
The centaur barely misses you. The centaur closely misses you.
The centaur kicks you but does no damage.
You barely miss the centaur.
The centaur hits you but does no damage.
The centaur kicks you but does no damage.
The centaur barely misses you. The centaur completely misses you.
Unknown command.
You hit the centaur.
The centaur hits you but does no damage.
The centaur kicks you but does no damage.
You hit the centaur. The centaur hits you.
You die...

#........ #........
#......+ #......#
#......# #......#
##......# #.c....#
#@###..# ###.# #..# #.
#...# ....#
..########.###.....#
.................c.#
#.#............#...+
......##......#.....
........................
.....................


You could see a centaur.

Vanquished Creatures
  3 adders (D:2)
  2 worms (D:2)
  2 dart slugs
  3 orcs (D:3)
  4 bats
  2 endoplasms (D:1)
  2 giant cockroaches
  2 goblins
  A hobgoblin (D:2)
  3 jackals
  5 kobolds
  4 quokkas
  3 ball pythons
  2 frilled lizards (D:2)
  3 rats
41 creatures vanquished.

Vanquished Creatures (others)
  2 plants (D:1)
2 creatures vanquished.

Grand Total: 43 creatures vanquished

Notes
Turn   | Place    | Note
-------+----------+-------------------------------------------
     0 | D:1      | jtrev the Gargoyle Berserker began the quest for the Orb.
     0 | D:1      | Reached XP level 1. HP: 14/14 MP: 1/1
   398 | D:1      | Reached XP level 2. HP: 8/19 MP: 2/2
   720 | D:1      | Found a faded altar of an unknown god.
  1330 | D:2      | Reached skill level 4 in Maces & Flails
  1330 | D:2      | Reached XP level 3. HP: 8/23 MP: 3/3
  2625 | D:2      | Reached XP level 4. HP: 26/28 MP: 4/4
  2691 | D:2      | Reached ** piety under Trog
  2848 | D:3      | Reached skill level 5 in Maces & Flails
  3056 | D:3      | Noticed a centaur
  3071 | D:3      | Slain by a centaur

Illustrated notes

Levels and vault maps discovered:
D:1:      dpeg_arrival_boxes_within_box, layout_loops_ring,
          dreamdust_ecumenical_altar_grove, minmay_misc_feat_roman,
          item_on_display_b
D:2:      layout_loops_corners, minmay_tetromino_o2
D:3:      layout_rooms, grunt_ministairs_4, kennysheep_pointless_box

Skill      XL: |  1  2  3  4 |
---------------+-------------+-----
Maces & Flails | 4 5 |  5.1
Fighting       | |  3.2
Armour         | |  2.1
Dodging        | |  1.5

Action                   |  1- 3 |  4- 6 || total
-------------------------+-------+-------++-------
Melee: Mace              |   125 |    47 ||   172
Invok: Berserk           |     1 |       ||     1
 Stab: Sleeping          |     1 |       ||     1
Armor: Animal skin       |    19 |       ||    19
       Leather armour    |    39 |     2 ||    41
       Chain mail        |       |    44 ||    44
Dodge: Dodged            |    94 |    30 ||   124

Table legend: (Time is in decaauts)
 A = Elapsed time spent in this place.
 B = Non-inter-level travel time spent in this place.
 C = Inter-level travel time spent in this place.
 D = Time resting spent in this place.
 E = Time spent auto-exploring this place.
 F = Levels seen in this place.
 G = Mean time per level.
                   A        B        C        D        E       F      G
               +--------+--------+--------+--------+--------+-----+--------+
         Total |   3122 |   2989 |    133 |    847 |   1728 |   3 | 1040.7 |
       Dungeon |   3122 |   2989 |    133 |    847 |   1728 |   3 | 1040.7 |
               +--------+--------+--------+--------+--------+-----+--------+

Top non-repeatable levels by time:
     D:2: 1561 daAuts
     D:1: 1319 daAuts
     D:3: 240 daAuts
